AoeStats
← LM | TornardoBriese

Arena

505099749Analyzed
4v4 RM · 24d ago on Sep 7, 2026· 43m 8s· 8 players
Game mode
Random Map
Map size
Large (8 player)
Population
200
Speed
Normal
Resources
Standard
Victory
Conquest
Starting age
Dark Age
Ending age
Imperial Age
RankedLock teamsTeams togetherTeam positionsShared explorationLock speedFull tech treeHidden civsTurbo modeCheats
Victory
Defeat
🇩🇪 Romans · Germany
1853
+10
🇩🇪 Japanese · Germany
1834
+10
🇩🇪 Poles · Germany
1727
+14
🇨🇭 Bulgarians · Switzerland
1456
+26
🇺🇸 Armenians · United States
1741
-17
🇬🇧 Portuguese · United Kingdom
1689
-15
🇮🇪 Spanish · Ireland
1667
-14
🇮🇪 Wu · Ireland
1665
-14
impirion
10:26 Feudal Age
14:10 Castle Age
12:00 Double-Bit Axe
12:12 Horse Collar
15:46 Bow Saw
15:41 Heavy Plow
20:50 Wheelbarrow
20:37 Town Watch
21:31 Gold Mining
21:37 Stone Mining
23:26 Stone Shaft Mining
23:27 Loom
24:00 Hand Cart
27:15 Imperial Age
25:49 Scale Mail Armor
26:10 Forging
26:26 Ballistics
26:17 Masonry
25:49 Treadmill Crane
28:10 Chain Mail Armor
29:02 Chemistry
27:39 Pikeman
28:32 Man-at-Arms
28:32 Halberdier
29:12 Fletching
29:52 Plate Mail Armor
30:32 Conscription
33:42 Iron Casting
33:03 Bodkin Arrow
33:44 Siege Engineers
33:52 Fortified Wall
33:47 Siege Engineers
34:13 Architecture
36:42 Blast Furnace
39:47 Elite Skirmisher
Zeriel
10:35 Feudal Age
14:47 Castle Age
13:15 Horse Collar
13:30 Double-Bit Axe
14:02 Horse Collar
15:49 Bow Saw
21:13 Heavy Plow
22:55 Wheelbarrow
23:47 Gold Mining
23:48 Stone Mining
23:44 Loom
24:46 Hand Cart
25:23 Scale Mail Armor
29:30 Imperial Age
27:18 Pikeman
27:59 Squires
28:23 Chain Mail Armor
28:18 Forging
28:26 Town Watch
29:07 Ballistics
28:28 Treadmill Crane
30:06 Halberdier
31:42 Padded Archer Armor
31:34 Fletching
32:32 Gold Shaft Mining
32:32 Stone Shaft Mining
33:09 Plate Mail Armor
32:48 Bodkin Arrow
32:45 Guard Tower
33:55 Chemistry
33:17 Sitting Tiger
32:46 Man-at-Arms
34:25 Keep
34:17 Conscription
35:27 Iron Casting
34:54 Bracer
36:15 Iron Casting
36:22 Masonry
36:09 Murder Holes
37:43 Two-Man Saw
36:11 Long Swordsman
38:03 Blast Furnace
36:52 Two-Handed Swordsman
38:57 Caravan
42:02 Coinage
43:09 Banking
42:26 Champion
SmithAoE
11:20 Feudal Age
12:48 Double-Bit Axe
15:20 Castle Age
13:24 Horse Collar
16:28 Bow Saw
16:19 Heavy Plow
20:13 Loom
22:36 Wheelbarrow
22:43 Gold Mining
23:16 Stone Mining
24:21 Hand Cart
27:55 Imperial Age
25:48 Padded Archer Armor
26:22 Masonry
26:18 Town Watch
27:11 Hand Cart
27:12 Leather Archer Armor
28:02 Town Patrol
29:36 Chemistry
28:59 Ballistics
29:01 Conscription
29:05 Supremacy
30:39 Ring Archer Armor
30:03 Fletching
30:13 Elite Skirmisher
34:04 Bombard Tower
34:14 Architecture
35:38 Thumb Ring
36:01 Bodkin Arrow
37:08 Hoardings
37:01 Bracer
41:28 Murder Holes
42:21 Pikeman
43:02 Squires
bengute
11:03 Feudal Age
15:00 Castle Age
12:51 Double-Bit Axe
13:12 Horse Collar
16:22 Bow Saw
17:38 Scale Mail Armor
19:06 Fervor
19:21 Sanctity
22:53 Wheelbarrow
22:32 Heavy Plow
24:43 Fletching
25:36 Loom
30:00 Imperial Age
28:33 Bodkin Arrow
29:34 Padded Archer Armor
30:10 Masonry
30:46 Bracer
33:24 Chemistry
32:45 Ballistics
33:28 Chemistry
33:29 Leather Archer Armor
33:07 Elite Composite Bowman
34:08 Conscription
34:12 Gold Mining
35:40 Ring Archer Armor
37:59 Gold Shaft Mining
37:14 Stone Mining
38:40 Scale Barding Armor
38:45 Forging
39:29 Capped Ram
42:06 Squires
42:45 Elite Skirmisher
NOC | shiXo.#
10:47 Feudal Age
11:50 Double-Bit Axe
14:45 Castle Age
12:57 Horse Collar
15:55 Bow Saw
16:45 Heavy Plow
22:05 Wheelbarrow
24:49 Hand Cart
24:30 Loom
24:30 Town Watch
28:15 Imperial Age
25:48 Fletching
26:12 Bodkin Arrow
26:58 Padded Archer Armor
27:27 Ballistics
27:17 Gold Mining
27:19 Stone Mining
28:18 Husbandry
28:32 Bloodlines
28:56 Thumb Ring
29:11 Bracer
30:43 Chemistry
30:19 Kataparuto
30:41 Leather Archer Armor
30:53 Parthian Tactics
32:01 Heavy Cavalry Archer
33:43 Ring Archer Armor
33:24 Forging
35:12 Caravan
36:04 Gold Shaft Mining
36:34 Conscription
36:16 Yasama
36:24 Siege Engineers
36:00 Treadmill Crane
36:56 Masonry
36:37 Guard Tower
36:34 Arrowslits
39:01 Hoardings
38:37 Fortified Wall
39:56 Keep
LM | TornardoBriese
11:00 Feudal Age
15:19 Castle Age
13:09 Double-Bit Axe
13:10 Horse Collar
16:19 Bow Saw
21:43 Wheelbarrow
22:05 Fletching
22:51 Heavy Plow
23:11 Loom
25:35 Hand Cart
25:39 Gold Mining
26:43 Stone Mining
30:40 Imperial Age
28:27 Scale Mail Armor
28:38 Forging
29:54 Iron Casting
29:35 Chain Mail Armor
30:05 Bodkin Arrow
30:12 Gambesons
30:28 Squires
30:17 Arson
32:09 Plate Mail Armor
32:40 Blast Furnace
31:04 Pikeman
32:46 Bracer
33:23 Conscription
33:44 Onager
37:20 Crop Rotation
37:35 Siege Onager
37:41 Siege Onager
37:52 Elite Skirmisher
40:05 Chemistry
39:46 Conscription
39:27 Halberdier
LM \ Molle
4:47 Loom
11:26 Feudal Age
15:27 Castle Age
13:14 Horse Collar
13:53 Double-Bit Axe
16:10 Heavy Plow
17:04 Husbandry
17:19 Bow Saw
17:09 Light Cavalry
22:18 Wheelbarrow
23:54 Bloodlines
24:24 Scale Barding Armor
25:43 Hand Cart
25:13 Town Watch
31:04 Imperial Age
28:32 Gold Mining
28:32 Stone Mining
29:32 Thumb Ring
29:18 Fletching
30:01 Bodkin Arrow
30:07 Padded Archer Armor
31:28 Ballistics
32:02 Stone Shaft Mining
31:45 Husbandry
32:18 Crop Rotation
32:25 Bracer
33:26 Chemistry
33:24 Leather Archer Armor
32:38 Heavy Cavalry Archer
35:51 Conscription
36:48 Coinage
37:06 Masonry
37:53 Chain Barding Armor
37:43 Forging
38:37 Hoardings
37:45 Treadmill Crane
38:15 Caravan
38:45 Banking
39:42 Iron Casting
40:20 Siege Engineers
41:16 Winged Hussar
NOC | Mr.Dobbsn
10:03 Feudal Age
13:39 Castle Age
11:39 Double-Bit Axe
11:57 Horse Collar
14:46 Bow Saw
22:03 Wheelbarrow
23:20 Hand Cart
23:28 Loom
26:57 Imperial Age
24:54 Scale Mail Armor
25:26 Forging
25:34 Chain Mail Armor
25:00 Pikeman
25:41 Squires
26:41 Iron Casting
27:04 Ballistics
27:21 Heavy Plow
27:00 Halberdier
27:02 Capped Ram
28:37 Siege Ram
31:05 Siege Engineers
31:12 Heavy Scorpion
33:22 Ballistas
34:45 Blast Furnace
34:03 Masonry
34:55 Chemistry
35:05 Scale Barding Armor
36:08 Chain Barding Armor
36:10 Conscription
36:21 Caravan
36:54 Coinage
36:46 Gold Mining
37:13 Bloodlines
37:45 Husbandry
38:22 Plate Barding Armor
37:36 Light Cavalry
39:23 Gold Shaft Mining
38:38 Stone Mining
38:23 Cavalier
Connection lost

Rejoining the realm…

Still unreachable

The connection could not be restored.

Session expired

The server has moved on; the page needs a fresh start.